 Dungeon Crawl Stone Soup version 0.18-a0-1426-g3b9a63c (webtiles) character file.

52 Duffy the Twirler (level 3, -1/28 HPs)
             Began as a Minotaur Wanderer on Feb 27, 2016.
             Was an Initiate of Qazlal.
             Slain by a wyvern zombie (7 damage)
             ... on level 3 of the Dungeon.
             The game lasted 00:01:37 (1216 turns).

Duffy the Twirler (Minotaur Wanderer)               Turns: 1216, Time: 00:01:37

Health: -1/28      AC:  8    Str: 17    XL:     3   Next: 60%
Magic:  3/3        EV:  6    Int:  8    God:    Qazlal [......]
Gold:   63         SH:  0    Dex: 10    Spells: 0 memorised, 4 levels left

rFire  . . .     SeeInvis .     b - +0 quarterstaff
rCold  . . .     Gourm    .     o - +0 chain mail
rNeg   . . .     Faith    .     (shield currently unavailable)
rPois  .         Spirit   .     (helmet restricted)
rElec  .         Dismiss  .     (no cloak)
rCorr  .         Reflect  .     (no gloves)
SustAt .         Harm     .     (no boots)
MR     .....                    (no amulet)
Stlth  ..........               (no ring)
                                (no ring)

@: not resistant to hostile enchantments, extremely unstealthy
A: retaliatory headbutt, horns 2
a: Renounce Religion


You were on level 3 of the Dungeon.
You worshipped Qazlal.
Qazlal was noncommittal.
You were hungry.

You visited 1 branch of the dungeon, and saw 3 of its levels.

You collected 63 gold pieces.


Innate Abilities, Weirdness & Mutations

You reflexively headbutt those who attack you in melee.
You have a pair of horns on your head.


   Skills:
 - Level 1.2 Fighting
 + Level 4.0 Staves
 - Level 1.5 Stealth
 - Level 1.1 Unarmed Combat
 - Level 1.0 Spellcasting
   Level 1.0 Summonings
   Level 2.4 Earth Magic
 - Level 1.0 Evocations


You had 4 spell levels left.
You didn't know any spells.

Inventory:

Hand Weapons
 b - a +0 quarterstaff (weapon)
 e - a +0 dagger
Armour
 d - a +0 robe
 o - a +0 chain mail (worn)
Wands
 a - a wand of confusion (15/48)
Scrolls
 h - a scroll of enchant armour {unknown}
 i - 3 scrolls of teleportation {unknown}
 j - a scroll of identify {unknown}
 k - a scroll of fog {unknown}
 m - a scroll of amnesia {unknown}
 n - a scroll of enchant weapon {unknown}
Potions
 c - a potion of curing
 l - a potion of lignification {unknown}
Comestibles
 f - a bread ration
 g - 2 fruits

Dungeon Overview and Level Annotations

Branches:
Dungeon (3/15)

Altars:
Qazlal


Message History

The kobold hits you but does no damage.
You barely miss the kobold. The kobold hits you but does no damage.
You hit the wyvern zombie but do no damage.
The kobold hits you but does no damage. The kobold barely misses you.
The wyvern zombie bites you but does no damage.
You thump the wyvern zombie! Your headbutt misses the wyvern zombie.
The wyvern zombie bites you. The kobold hits you.
The kobold hits you but does no damage.
You hit the wyvern zombie. The wyvern zombie bites you.
The kobold barely misses you. The kobold hits you but does no damage.
The wyvern zombie bites you!
You are too injured to fight recklessly!
You are too injured to fight recklessly!
You are too injured to fight recklessly!
You are too injured to fight recklessly!
You are too injured to fight recklessly!
You are too injured to fight recklessly!
You are too injured to fight recklessly!
You are too injured to fight recklessly!
You are too injured to fight recklessly!
You are too injured to fight recklessly!
You are too injured to fight recklessly!
You are too injured to fight recklessly!
You are too injured to fight recklessly!
You are too injured to fight recklessly!
You are too injured to fight recklessly!
You are too injured to fight recklessly!
You are too injured to fight recklessly!
You are too injured to fight recklessly!
You are too injured to fight recklessly!
You are too injured to fight recklessly!
You are too injured to fight recklessly!
You hit the wyvern zombie. You headbutt the wyvern zombie!
The kobold hits you but does no damage. The wyvern zombie bites you!
You die...

.........#
........###
#..........
#........##
#........#(
#.(!)....##
#.KKZ......
####..@....#
#..........##
#.#..7......#
#.#.....#...#
#..7...7....#
#...........#
#....<......#
##..........#
#.7...7....#


You could see a wyvern zombie and 2 kobolds.

Action                   || total
-------------------------++-------
Melee: Quarterstaff      ||    49
 Stab: Sleeping          ||     1

Notes
Turn   | Place    | Note
--------------------------------------------------------------
     0 | D:1      | Duffy the Minotaur Wanderer began the quest for the Orb.
     0 | D:1      | Duffy set off with: a wand of confusion (15/48), a +0 quarterstaff, a potion of curing, a +0 robe, a +0 dagger, a bread ration
     0 | D:1      | Reached XP level 1. HP: 16/16 MP: 1/1
    57 | D:1      | Reached skill level 1 in Staves
   143 | D:1      | Reached skill level 2 in Staves
   253 | D:1      | Reached XP level 2. HP: 23/23 MP: 2/2
   878 | D:2      | Reached skill level 3 in Staves
   957 | D:2      | Reached XP level 3. HP: 28/28 MP: 3/3
  1182 | D:2      | Found a stormy altar of Qazlal.
  1190 | D:2      | Became a worshipper of Qazlal Stormbringer
  1203 | D:3      | Reached skill level 4 in Staves
  1216 | D:3      | Slain by a wyvern zombie

Vault maps used:
D:1:      minmay_arrival_radiant_lines, serial_forest,
          infiniplex_forest_clump_double, infiniplex_forest_straight_1,
          infiniplex_forest_clump_C, infiniplex_forest_corner_1,
          infiniplex_forest_clump_large, infiniplex_forest_end_2,
          infiniplex_forest_diagonal, minmay_misc_feat_alley, serial_park_tiny_2
D:2:      lemuel_doored_altar, first_bread, nrook_uturn,
          nicolae_qazlal_eye_of_the_storm
D:3:      serial_glass, glass_columns_a, glass_columns_a, item_on_display_a,
          grunt_ministairs_2, uniq_iyjb

Vanquished Creatures
  2 adders
  An ooze
  A worm
  A dart slug
  2 bats
  A giant cockroach
  5 goblins
  3 hobgoblins
  2 jackals
  A giant newt
  2 kobolds
  3 rats
24 creatures vanquished.
